 Dungeon Crawl Stone Soup version 0.16.2-12-gd0ad4c3 (webtiles) character file.

63 faibistes the Magician (level 3, 0/19 HPs)
             Began as a Deep Elf Wizard on June 23, 2019.
             Succumbed to an adder's poison
             ... on level 3 of the Dungeon on June 25, 2019.
             The game lasted 00:06:44 (2299 turns).

faibistes the Magician (Deep Elf Wizard)            Turns: 2299, Time: 00:06:45

Health: 0/19       AC:  2    Str:  4    XL:     3   Next: 89%
Magic:  5/14       EV: 13    Int: 17    God:
Gold:   135        SH:  0    Dex: 13    Spells: 6 memorised, 0 levels left

rFire  . . .     SeeInvis .     e - +0 club
rCold  . . .     Clarity  .     a - +0 robe
rNeg   . . .     SustAb   .     (no shield)
rPois  .         Gourm    .     b - +0 hat
rElec  .         Spirit   .     (no cloak)
rCorr  .         Warding  .     (no gloves)
rMut   .         Stasis   .     (no boots)
MR     .....                    (no amulet)
Stlth  ++........               i - ring of flight
                                m - -6 ring of intelligence (curse)

@: lethally poisoned (0 -> -4), very slightly contaminated, repel missiles, not
resistant to hostile enchantments, unstealthy
A: no striking features
a: Evoke Flight


You were on level 3 of the Dungeon.
You were not hungry.

You visited 1 branch of the dungeon, and saw 3 of its levels.

You collected 135 gold pieces.

Inventory:

Hand weapons
 e - a +0 club (weapon)
Armour
 a - a +0 robe (worn)
 b - a +0 hat (worn)
Jewellery
 i - a ring of flight (right hand)
 m - a cursed -6 ring of intelligence (left hand)
Scrolls
 k - 2 scrolls of identify
Potions
 l - a potion of haste
Books
 c - a book of Minor Magic

   Spells                             Type                      Level
   a - Magic Dart                     Conjuration                  1
   b - Blink                          Translocation                2
   c - Call Imp                       Summoning                    2
   d - Repel Missiles                 Charms/Air                   2
   e - Slow                           Hexes                        2
   f - Conjure Flame                  Conjuration/Fire             3
   g - Mephitic Cloud                 Conjuration/Poison/Air       3
Comestibles
 d - 2 bread rations
 f - a chunk of flesh
 g - a royal jelly


   Skills:
 + Level 3.2 Dodging
 - Level 2.4 Stealth
 * Level 5.6 Spellcasting
 * Level 2.3 Conjurations
 - Level 1.1 Summonings
 - Level 1.1 Translocations


You couldn't memorise any spells.
You knew the following spells:

 Your Spells              Type           Power        Failure   Level  Hunger
a - Magic Dart            Conj           ##..         6%          1    None
b - Conjure Flame         Conj/Fire      #.......     24%         3    ##.....
c - Call Imp              Summ           #.......     14%         2    #......
d - Blink                 Tloc           N/A          14%         2    #......
e - Mephitic Cloud        Conj/Pois/Air  #.......     30%         3    ##.....
f - Repel Missiles        Chrm/Air       #.....       24%         2    #......


Dungeon Overview and Level Annotations

Branches:
Dungeon (3/15)

Altars:
Gozag
Kikubaaqudgha


Message History

Read which item? (? for menu, Esc to quit)
Okay, then.
Drink which item? (? for menu, Esc to quit)
Okay, then.
* * * LOW HITPOINT WARNING * * *
You feel sick.
* * * LOW HITPOINT WARNING * * *
You feel sick.
Your shadow imp closely misses the orc.
Cornered, the orc turns to fight!
Your shadow imp hits the orc.
The orc hits your shadow imp with a short sword.
* * * LOW HITPOINT WARNING * * *
You feel sick.
Found 9 gold pieces.
* * * LOW HITPOINT WARNING * * *
You feel sick.
Found a stone staircase leading down.
* * * LOW HITPOINT WARNING * * *
You feel sick.
You die...

#.....#..###..........#
#.....#...............####
#.....#.5###.#####........
#.........##.# ......#
#....##..##.# #.....####
.....##..##.# #<........
..........#.# #....######
.......$.#.# .........
..........@####.....###
........#..# #.......
.......#.... .........
.......#.>####.......
......#..# ##.....
.....#..# #.. ....#..#
.#..# #..#


There were no monsters in sight!

Vanquished Creatures
  Terence (D:2)
  A giant gecko (D:2)
  A giant cockroach (D:1)
  10 goblins
  7 hobgoblins
  3 jackals (D:1)
  A quokka (D:2)
  A ball python (D:1)
  6 bats
  5 giant newts (D:1)
  5 rats
41 creatures vanquished.

Vanquished Creatures (collateral kills)
  Robin (D:2)
1 creature vanquished.

Vanquished Creatures (others)
  A human (D:2)
1 creature vanquished.

Grand Total: 43 creatures vanquished

Notes
Turn   | Place    | Note
--------------------------------------------------------------
     0 | D:1      | faibistes, the Deep Elf Wizard, began the quest for the Orb.
     0 | D:1      | Reached XP level 1. HP: 10/10 MP: 6/6
   263 | D:1      | Reached XP level 2. HP: 15/15 MP: 2/10
   330 | D:1      | Learned a level 2 spell: Blink
   333 | D:1      | Learned a level 2 spell: Call Imp
   464 | D:1      | Reached skill level 5 in Spellcasting
   925 | D:2      | Found an ancient bone altar of Kikubaaqudgha.
   925 | D:2      | Noticed a human
   928 | D:2      | Killed a human
  1163 | D:2      | Reached XP level 3. HP: 19/19 MP: 10/14
  1174 | D:2      | Noticed Robin
  1197 | D:2      | Killed Robin
  1230 | D:2      | Learned a level 3 spell: Conjure Flame
  1234 | D:2      | Learned a level 3 spell: Mephitic Cloud
  1406 | D:2      | Found an opulent altar of Gozag.
  1460 | D:2      | Noticed Terence
  1675 | D:2      | Killed Terence
  1830 | D:2      | Learned a level 2 spell: Repel Missiles
  2299 | D:3      | Succumbed to an adder's poison

Action                   || total
-------------------------++-------
Melee: Club              ||     3
 Cast: Magic Dart        ||   101
       Conjure Flame     ||     3
       Call Imp          ||     3
       Mephitic Cloud    ||     2
       Blink             ||     1
       Repel Missiles    ||     1
  Use: Scroll            ||     6
  Eat: Chunk             ||     4
